 Dungeon Crawl Stone Soup version 0.19-a0-450-g98b348d (webtiles) character file.

107 namelastname112 the Slasher (level 4, -2/38 HPs)
             Began as a Draconian Wanderer on June 1, 2016.
             Slain by an orc
             ... wielding a +2 war axe of electrocution
              (10 damage)
             ... on level 3 of the Dungeon.
             The game lasted 00:03:31 (2804 turns).

namelastname112 the Slasher (Draconian Wanderer)    Turns: 2804, Time: 00:03:32

Health: -2/38      AC:  5    Str: 15    XL:     4   Next: 56%
Magic:  4/4        EV: 12    Int: 12    God:
Gold:   162        SH:  4    Dex: 11    Spells: 0 memorised, 3 levels left

rFire  . . .     SeeInvis .     n - +0 long sword
rCold  . . .     Gourm    .     (armour unavailable)
rNeg   . . .     Faith    .     o - +0 buckler
rPois  .         Spirit   .     (helmet restricted)
rElec  .         Dismiss  .     (no cloak)
rCorr  .         Reflect  .     (no gloves)
SustAt .         Harm     .     (no boots)
MR     .....                    (no amulet)
Stlth  ++........               (no ring)
                                (no ring)

@: not resistant to hostile enchantments, unstealthy
A: unfitting armour, cold-blooded, AC +5
a: no special abilities


You were on level 3 of the Dungeon.
You were not hungry.

You visited 1 branch of the dungeon, and saw 3 of its levels.

You collected 162 gold pieces.

Inventory:

Hand Weapons
 n - a +0 long sword (weapon)
Missiles
 m - 2 throwing nets (quivered)
Armour
 a - a +0 shield
 o - a +0 buckler (worn)
Scrolls
 c - a scroll of teleportation
 d - 2 scrolls of remove curse {unknown}
 e - 2 scrolls of random uselessness {unknown}
 g - 2 scrolls of identify {unknown}
 j - a scroll of recharging {unknown}
 l - a scroll of enchant weapon {unknown}
 q - a scroll of immolation {unknown}
 r - a scroll of amnesia {unknown}
Potions
 b - a potion of might {unknown}
 h - a potion of agility {unknown}
 i - a potion of heal wounds {unknown}
 p - a potion of curing
Comestibles
 f - 2 bread rations
 k - a slice of pizza


   Skills:
 + Level 3.1 Fighting
 * Level 4.3 Long Blades
 + Level 2.1 Dodging
 - Level 1.9 Stealth
 + Level 2.8 Shields


You had 3 spell levels left.
You didn't know any spells.

Dungeon Overview and Level Annotations

Branches:
Dungeon (3/15)

Altars:
Hepliaklqana
Ru
Vehumet
Xom
Zin
The Shining One

Shops:
D:3 *


Innate Abilities, Weirdness & Mutations

Your plain brown scales are hard. (AC +5)
Your body does not fit into most forms of armour.
You are cold-blooded and may be slowed by cold attacks.


Message History

A translucent stone wall.
An orc opens the door.
There is an open door here.
You start resting.
You hit the orc.
The orc is almost dead.
The orc hits you with a war axe of electrocution!
You are electrocuted!
* * * LOW HITPOINT WARNING * * *
You take 21 damage, and have 7/38 hp.
MASSIVE DAMAGE!!
You are too injured to fight recklessly!
You are too injured to fight recklessly!
Press: ? - help, v - describe, . - travel
Here: an orc, wielding a war axe of electrocution (almost dead)
An open door, spattered with blood.
Unknown command.
You barely miss the orc.
The orc is almost dead.
The orc hits you with a war axe of electrocution!
You die...

..........# #...#.#.#.#.#.#
..........# ##.#.#>#.#.#.#
o......#..# #.#)#.#.#.#.#.
.o.....#o### ##.#.....#.#.#
.......#...###.#'....#.#.#.#
o......###.._##.#.....#.#.#.#
....s.####...###.....#.#.#.#..
...gg.
#k#_[..###.....#.#+#....
....g.#.#####.#@'.(..#....
..... ##Z#.##.o......##....
.... ##k#######<...# ........
## #....# ..... ###### ....
...


You could see an orc.

Vanquished Creatures
  4 adders
  An ooze (D:2)
  A worm (D:3)
  A dart slug (D:1)
  2 giant geckos (D:1)
  5 orcs
  8 goblins
  6 hobgoblins
  2 jackals (D:1)
  2 quokkas
  2 ball pythons
  8 bats (D:1)
  2 giant newts
  5 kobolds
  7 rats
56 creatures vanquished.

Notes
Turn   | Place    | Note
--------------------------------------------------------------
     0 | D:1      | namelastname112 the Draconian Wanderer began the quest for the Orb.
     0 | D:1      | namelastname112 set off with: a +0 shield, a potion of curing, a scroll of teleportation, a +0 club, a bread ration
     0 | D:1      | Reached XP level 1. HP: 17/17 MP: 1/1
   495 | D:1      | Reached XP level 2. HP: 13/25 MP: 2/2
  1315 | D:1      | Found a glowing golden altar of the Shining One.
  1392 | D:2      | Reached XP level 3. HP: 26/30 MP: 3/3
  1788 | D:2      | Found a sacrificial altar of Ru.
  2118 | D:2      | Reached XP level 4. HP: 32/37 MP: 4/4
  2151 | D:2      | Found a faded altar of an unknown god.
  2163 | D:2      | Became a worshipper of Vehumet
  2163 | D:2      | Reached * piety under Vehumet
  2163 | D:2      | Offered knowledge of Magic Dart by Vehumet.
  2163 | D:2      | Fell from the grace of Vehumet
  2737 | D:3      | Found Zin's Purification Station.
  2737 | D:3      | Found a glowing silver altar of Zin.
  2778 | D:3      | Found a hazy altar of Hepliaklqana.
  2779 | D:3      | Found a shimmering altar of Xom.
  2779 | D:3      | Noticed a death drake
  2780 | D:3      | Noticed a spectral ugly thing
  2780 | D:3      | Noticed a death drake
  2804 | D:3      | Slain by an orc

Vault maps used:
D:1:      lemuel_arrival_rhombus, tso_altar
D:2:      minmay_door_path, ecumenical_altar_1, hangedman_ru_absence
D:3:      regret_index_temple_of_mockery, zin_purify

Skill      XL: |  1  2  3  4 |
---------------+-------------+-----
Dodging        | 2 |  2.1
Fighting       | 3 |  3.1
Long Blades    | |  4.3
Stealth        | |  1.9
Shields        | |  2.8

Action                   |  1- 3 |  4- 6 || total
-------------------------+-------+-------++-------
Melee: Club              |   132 |       ||   132
       Tailslap          |    10 |     5 ||    15
       Long sword        |    31 |    70 ||   101
       Dagger            |    18 |       ||    18
Invok: Renounce Religion |       |     1 ||     1
  Use: Potion            |     1 |       ||     1
 Stab: Sleeping          |     4 |       ||     4
  Eat: Chunk             |     4 |     2 ||     6
Armor: Skin              |    65 |    21 ||    86
Dodge: Dodged            |   155 |    43 ||   198
Block: Buckler           |       |    14 ||    14
